 Dungeon Sprint DCSS version 0.21-a0-221-gfe971b9 (webtiles) character file.

45979 Kidiri the Tortoise (level 14, 0/153 HPs)
             Began as a Minotaur Fighter on Aug 25, 2017.
             Was a High Priest of Okawaru.
             Slain by a daeva
             ... wielding a +2 eudemon blade of holy wrath
              (9 damage)
             ... in the Dungeon (Sprint VII: "The Pits").
             The game lasted 00:29:13 (4723 turns).

Kidiri the Tortoise (Minotaur Fighter)              Turns: 4723, Time: 00:29:14

Health: 0/153      AC: 33    Str: 27    XL:     14   Next: 3%
Magic:  9/19       EV: 24    Int:  5    God:    Okawaru [*****.]
Gold:   59         SH: 20    Dex: 16    Spells: 13/13 levels left

rFire    . . .     SeeInvis .   F - +1 long sword "Lifebane" {venom, *Drain rElec Str+4 Dex+3}
rCold    . . .     Gourm    .   c - +1 shield
rNeg     . . .     Faith    .   r - +3 plate armour
rPois    +         Spirit   .   s - +1 hat
rElec    +         Reflect  .   a - +0 cloak {+Inv}
rCorr    .         Harm     .   w - +0 pair of gloves
MR       +....     Rnd*Rage +   E - +0 pair of boots {Stlth+} Stlth +.........NoTele +
                                (no amulet)
HPRegen  0.35/turn              t - +3 ring of evasion
MPRegen  0.16/turn              z - ring of poison resistance

@: heroism, finesse, berserk cooldown, very slightly contaminated, slowed,
glowing, very slow
A: retaliatory headbutt, horns 2, rugged brown scales 1, berserk 1, no potion
heal 2
a: Heroism, Finesse, Renounce Religion, Evoke Invisibility


You were in the Dungeon.
You worshipped Okawaru.
Okawaru was extremely pleased with you.
You were not hungry.

You visited 1 branch You collected 59 gold pieces.

Inventory:

Hand Weapons
 x - the +11 falchion of Premature Burial {drain, rPois Int+2}
   (Okawaru gifted it to you in the Dungeon)

   A truly terrible weapon, it drains the life of those it strikes.
   It affects your intelligence (+2).
   It protects you from poison.
 F - the +1 long sword "Lifebane" (weapon) {venom, *Drain rElec Str+4 Dex+3}
   (Okawaru gifted it to you in the Dungeon)

   It poisons the flesh of those it strikes.
   It affects your strength (+4).
   It affects your dexterity (+3).
   It insulates you from electricity.
   It causes draining when unequipped.
Armour
 a - a +0 cloak of invisibility (worn)
 c - a +1 shield (worn)
 r - a +3 plate armour (worn)
 s - a +1 hat (worn)
 w - a +0 pair of gloves (worn)
 E - a +0 pair of boots of stealth (worn)
Jewellery
 t - a +3 ring of evasion (left hand)
 u - a +3 ring of intelligence
 y - an uncursed ring of protection from cold
 z - a ring of poison resistance (right hand)
Scrolls
 k - a scroll of blinking
 m - 5 scrolls of remove curse
 n - 6 scrolls of amnesia
 o - a scroll of summoning
 A - 2 scrolls of fear
 B - a scroll of recharging
Potions
 b - a potion of cancellation
 d - a potion of might
 e - 5 potions of curing
 g - 2 potions of heal wounds
 h - 4 potions of haste
 i - 4 potions of magic
 j - 3 potions of berserk rage
 l - 2 potions of invisibility
 v - 2 potions of resistance
 C - 2 potions of brilliance
Comestibles
 f - 12 bread rations
 p - 33 fruits
 q - 7 meat rations
 D - 3 chunks of flesh


   Skills:
 * Level 20.6(25.6) Fighting
 + Level 15.2(20.2) Long Blades
 * Level 20.7(25.7) Armour
 + Level 14.0(19.0) Dodging
 + Level 7.8(12.8) Stealth
 * Level 20.6(25.6) Shields
 - Level 8.4 Invocations
 + Level 7.8 Evocations


You had 13 spell levels left.
You didn't know any spells.

Dungeon Overview and Level Annotations

Branches:
Dungeon (1/1)

Altars:
Ashenzari
Cheibriados
Dithmenos
Elyvilon
Fedhas
Gozag
Hepliaklqana
Kikubaaqudgha
Makhleb
Nemelex Xobeh
Okawaru
Qazlal
Ru
Sif Muna
Trog
Uskayaw
Vehumet
Wu Jian
Xom
Yredelemnul
Zin
The Shining One
Beogh
Jiyva
Lugonu


Innate Abilities, Weirdness & Mutations

You reflexively headbutt those who attack you in melee.
You have a pair of horns on your head.
You are partially covered in rugged brown scales. (AC +1, +3% HP)
You tend to lose your temper in combat.
Potions are poor at restoring your health.


Message History

You feel much better.
Unknown command.
You fail to use your ability.
Unknown command.
You can now deal lightning-fast blows.
The daeva calls down the wrath of the Shining One upon you.
The Shining One smites you!
* * * LOW HITPOINT WARNING * * *
You block the daeva's attack. The daeva hits you but does no damage.
Unknown command.
You slash the daeva!
The daeva is heavily wounded.
Unknown command.
The daeva blocks your attack.
The daeva is heavily wounded.
The naga warrior hits you from afar with an enchanted halberd!
* * * LOW HITPOINT WARNING * * *
The daeva hits you but does no damage.
The daeva hits you with an eudemon blade of holy wrath!
You die...

..# ..+ ..+ ++#
++###############################
.......)....))).....)............
..)........).)).................)
..##############++##############.
..#))#))#))<)#..@...# #.
).#))#))##++##..A...##++## #.
).#.....#....#..N...#....# #.
..#..####...)###(N###N...### #.
..#..+.....))((.(..()e...... #.
..#..####...)))....(.N...### #.
).#.....#..####....####..# #.
).#))#))#..#((#....# .# #.
..#))#))#..+((##..## # #.


You could see a daeva and 2 naga warriors.

Vanquished Creatures
  Agnes (D)
  Gastronok (D)
  A fire giant (D)
  2 orc warlords (D)
  A balrug (D)
  2 ghost moths (D)
  A vampire knight (D)
  A deep elf annihilator (D)
  A black draconian (D)
  A lorocyproca (D)
  A green draconian (D)
  A deep elf death mage (D)
  Erolcha (D)
  2 yaktaur captains (D)
  2 vault guards (D)
  Harold (D)
  2 naga warriors (D)
  3 vampire magi (D)
  2 deep troll shamans (D)
  A spriggan berserker (D)
  A sun demon (D)
  A deep elf knight (D)
  An unseen horror (D)
  3 deep trolls (D)
  A flayed ghost (D)
  A sea snake (D)
  9 orc knights (D)
  A lindwurm (D)
  A swamp dragon (D)
  An ugly thing (D)
  A deep elf mage (D)
  A manticore (D)
  2 elephants (D)
  2 black mambas (D)
  A rust devil (D)
  A guardian serpent (D)
  A molten gargoyle (D)
  An efreet (D)
  A hellwing (D)
  A rime drake (D)
  4 yaktaurs (D)
  A demonic crawler (D)
  A kobold demonologist (D)
  A red devil (D)
  2 polar bears (D)
  A wandering mushroom (D)
  A troll (D)
  4 blink frogs (D)
  A snapping turtle (D)
  2 redbacks (D)
  2 spriggans (D)
  2 wraiths (D)
  A wyvern (D)
  2 ynoxinuls (D)
  A water elemental (D)
  An air elemental (D)
  A vampire (D)
  A fire bat (D)
  A neqoxec (D)
  A warg (D)
  A water moccasin (D)
  2 floating eyes (D)
  4 small abominations (D)
  A swamp drake (D)
  An ice beast (D)
  An eye of draining (D)
  6 wolves (D)
  A centaur (D)
  A crocodile (D)
  Blork the orc (D)
  3 bullfrogs (D)
  5 killer bees (D)
  5 wights (D)
  A quasit (D)
  A jelly (D)
  2 iguanas (D)
  An iron imp (D)
  A worker ant (D)
  2 river rats (D)
  An adder (D)
  An ooze (D)
  2 adder skeletons (D)
  A worm (D)
  A leopard gecko (D)
  An orc (D)
  A giant cockroach (D)
  2 goblins (D)
  A hobgoblin (D)
  A jackal zombie (D)
  A leopard gecko simulacrum (D)
144 creatures vanquished.

Notes
Turn   | Place    | Note
-------+----------+-------------------------------------------
     0 | D        | Kidiri the Minotaur Fighter began the quest for the Orb.
     0 | D        | Reached XP level 1. HP: 19/19 MP: 0/0
    50 | D        | Found a bloodstained altar of Trog.
    50 | D        | Found a deep blue altar of Sif Muna.
    50 | D        | Found a viscous altar of Jiyva.
    50 | D        | Found a hazy altar of Hepliaklqana.
    50 | D        | Found an opulent altar of Gozag.
    51 | D        | Found a glowing golden altar of the Shining One.
    51 | D        | Found a glowing silver altar of Zin.
    51 | D        | Found a basalt altar of Yredelemnul.
    51 | D        | Found a shimmering altar of Xom.
    51 | D        | Found an ornate altar of the Wu Jian Council.
    51 | D        | Found a sacrificial altar of Ru.
    51 | D        | Found a stormy altar of Qazlal.
    51 | D        | Found an iron altar of Okawaru.
    51 | D        | Found a sparkling altar of Nemelex Xobeh.
    51 | D        | Found a burning altar of Makhleb.
    51 | D        | Found a blossoming altar of Fedhas.
    51 | D        | Found a white marble altar of Elyvilon.
    51 | D        | Found a shadowy altar of Dithmenos.
    51 | D        | Found a snail-covered altar of Cheibriados.
    53 | D        | Found a radiant altar of Vehumet.
    53 | D        | Found a corrupted altar of Lugonu.
    53 | D        | Found a roughly hewn altar of Beogh.
    54 | D        | Found a hide-covered altar of Uskayaw.
    54 | D        | Found an ancient bone altar of Kikubaaqudgha.
    54 | D        | Found a shattered altar of Ashenzari.
    59 | D        | Became a worshipper of Warmaster Okawaru
    76 | D        | Reached skill level 1 in Dodging
    76 | D        | Reached skill level 1 in Invocations
    76 | D        | Reached XP level 2. HP: 24/28 MP: 1/1
   124 | D        | Reached skill level 5 in Fighting
   124 | D        | Reached skill level 5 in Armour
   124 | D        | Reached skill level 5 in Shields
   124 | D        | Reached XP level 3. HP: 15/36 MP: 1/3
   394 | D        | Noticed a centaur
   404 | D        | Killed a centaur
   404 | D        | Reached * piety under Okawaru
   404 | D        | Reached XP level 4. HP: 33/45 MP: 3/5
   495 | D        | Noticed a bullfrog
   495 | D        | Noticed a water moccasin
   495 | D        | Noticed a bullfrog
   500 | D        | Killed a bullfrog
   500 | D        | Reached XP level 5. HP: 51/52 MP: 3/6
   509 | D        | Reached skill level 5 in Long Blades
   517 | D        | Killed a water moccasin
   517 | D        | Reached XP level 6. HP: 42/62 MP: 5/8
   527 | D        | Reached skill level 5 in Dodging
   719 | D        | Noticed an ice beast
   730 | D        | Killed an ice beast
   730 | D        | Reached ** piety under Okawaru
   730 | D        | Reached XP level 7. HP: 61/70 MP: 7/9
   773 | D        | Noticed a kobold demonologist
   778 | D        | Killed a kobold demonologist
   778 | D        | Reached skill level 10 in Fighting
   778 | D        | Reached skill level 10 in Armour
   778 | D        | Reached skill level 10 in Shields
   778 | D        | Reached skill level 5 in Invocations
   820 | D        | Noticed a fire bat
   820 | D        | Noticed a rime drake
   820 | D        | Noticed an efreet
   822 | D        | Killed a fire bat
   822 | D        | Reached XP level 8. HP: 81/81 MP: 7/10
   824 | D        | Killed an efreet
   827 | D        | Killed a rime drake
   827 | D        | Reached *** piety under Okawaru
   861 | D        | Gained mutation: You tend to lose your temper in combat. [potion of mutation]
   861 | D        | Gained mutation: You are partially covered in rugged brown scales. (AC +1, +3% HP) [potion of mutation]
   997 | D        | Noticed a black mamba
   999 | D        | Paralysed by a floating eye for 2 turns
  1000 | D        | Noticed a troll
  1008 | D        | Paralysed by a floating eye for 4 turns
  1020 | D        | Killed a troll
  1020 | D        | Reached XP level 9. HP: 47/92 MP: 11/11
  1028 | D        | Killed a black mamba
  1028 | D        | Reached **** piety under Okawaru
  1043 | D        | Noticed a swamp dragon
  1385 | D        | Killed a swamp dragon
  1385 | D        | Reached ***** piety under Okawaru
  1394 | D        | Noticed a molten gargoyle
  1403 | D        | Noticed a demonic crawler
  1409 | D        | Killed a molten gargoyle
  1409 | D        | Reached skill level 10 in Long Blades
  1409 | D        | Reached XP level 10. HP: 50/105 MP: 4/12
  1633 | D        | Noticed Harold
  1653 | D        | Killed Harold
  1653 | D        | Received a gift from Okawaru
  1775 | D        | Noticed a flayed ghost
  1782 | D        | Killed a flayed ghost
  1795 | D        | Noticed Gastronok
  1813 | D        | Killed Gastronok
  1813 | D        | Reached skill level 15 in Fighting
  1813 | D        | Reached skill level 15 in Armour
  1813 | D        | Reached skill level 10 in Dodging
  1813 | D        | Reached skill level 15 in Shields
  1813 | D        | Reached XP level 11. HP: 83/116 MP: 7/13
  2039 | D        | Noticed Blork the orc
  2041 | D        | Paralysed by a floating eye for 4 turns
  2052 | D        | Killed Blork the orc
  2054 | D        | Paralysed by a floating eye for 3 turns
  2057 | D        | Received a gift from Okawaru
  2077 | D        | Got an encrusted falchion {god gift}
  2078 | D        | Identified the +11 falchion of Premature Burial {drain, rPois Int+2} (Okawaru gifted it to you in the Dungeon)
  2700 | D        | Noticed a deep elf death mage
  2712 | D        | Killed a deep elf death mage
  2712 | D        | Received a gift from Okawaru
  2768 | D        | Noticed a green draconian
  2768 | D        | Noticed a deep elf mage
  2782 | D        | Killed a green draconian
  2782 | D        | Reached skill level 1 in Stealth
  2782 | D        | Reached skill level 1 in Evocations
  2785 | D        | Killed a deep elf mage
  3047 | D        | Noticed a deep troll
  3047 | D        | Noticed a fire giant
  3047 | D        | Noticed a vampire mage
  3052 | D        | Noticed a deep elf annihilator
  3052 | D        | Noticed a sea snake
  3062 | D        | Killed a deep elf annihilator
  3073 | D        | Killed a fire giant
  3073 | D        | Reached XP level 12. HP: 106/128 MP: 7/16
  3087 | D        | Killed a ghost moth
  3110 | D        | Killed a vampire mage
  3128 | D        | Noticed a vampire mage
  3151 | D        | Killed a vampire mage
  3175 | D        | Killed a lorocyproca
  3175 | D        | Received a gift from Okawaru
  3200 | D        | Gained mutation: Potions are less effective at restoring your health. [a neqoxec]
  3205 | D        | Gained mutation: Potions are poor at restoring your health. [a neqoxec]
  3216 | D        | Noticed Agnes
  3254 | D        | Killed Agnes
  3278 | D        | Noticed Erolcha
  3287 | D        | Killed Erolcha
  3287 | D        | Reached skill level 5 in Stealth
  3287 | D        | Reached skill level 5 in Evocations
  3648 | D        | Noticed a deep troll shaman
  3649 | D        | Noticed a deep troll shaman
  3649 | D        | Noticed a balrug
  3649 | D        | Noticed a black draconian
  3654 | D        | Killed a balrug
  3654 | D        | Reached XP level 13. HP: 99/140 MP: 8/18
  3661 | D        | Killed a black draconian
  3836 | D        | Noticed a vampire knight
  3836 | D        | Noticed an orc warlord
  3836 | D        | Noticed an orc warlord
  3880 | D        | Killed a vampire knight
  3899 | D        | Killed an orc warlord
  3907 | D        | Killed an orc warlord
  3929 | D        | Reached ****** piety under Okawaru
  3950 | D        | Received a gift from Okawaru
  3951 | D        | Got a faintly glowing long sword {god gift}
  3952 | D        | Identified the +1 long sword "Lifebane" {venom, *Drain rElec Str+4 Dex+3} (Okawaru gifted it to you in the Dungeon)
  4240 | D        | Killed a ghost moth
  4501 | D        | Reached skill level 15 in Long Blades
  4687 | D        | Noticed a daeva
  4717 | D        | Reached XP level 14. HP: 25/153 MP: 13/19
  4723 | D        | Slain by a daeva

Vault maps used:
D:        pitsprint

Skill      XL: |  1  2  3  4  5  6  7  8  9 10 11 12 13 14 |
---------------+-------------------------------------------+-----
Fighting       | 4 5 6 7 8 9 10 12 13 15 17 18 20 | 20.6
Armour         | 4 5 6 7 8 9 10 12 13 15 17 18 20 | 20.7
Dodging        | 1 2 3 4 5 6 7 8 10 11 12 13 14 | 14.0
Shields        | 4 5 6 7 8 9 10 12 13 15 17 18 20 | 20.6
Invocations    | 1 2 3 4 5 6 8 |  8.4
Long Blades    | 3 4 5 6 7 8 10 11 12 13 15 | 15.2
Stealth        | 2 5 7 |  7.8
Evocations     | 2 5 7 |  7.8

Action                   |  1- 3 |  4- 6 |  7- 9 | 10-12 | 13-15 || total
-------------------------+-------+-------+-------+-------+-------++-------
Melee: Falchion          |    23 |     4 |       |   234 |   134 ||   395
       Long sword        |     2 |    37 |    27 |       |   110 ||   176
       Headbutt          |     4 |     8 |    23 |    89 |    79 ||   203
       Scimitar          |       |       |    72 |   102 |       ||   174
Invok: Heroism           |       |     3 |     8 |    14 |     6 ||    31
       Finesse           |       |       |     1 |    12 |     8 ||    21
 Abil: Evoke Invisibilit |       |       |       |     2 |     1 ||     3
  Use: Potion            |       |       |     6 |    10 |     6 ||    22
       Scroll            |       |       |       |     3 |     1 ||     4
 Stab: Invisible         |       |       |       |       |     7 ||     7
  Eat: Chunk             |       |       |     2 |     4 |       ||     6
       Fruit             |       |       |       |    11 |       ||    11
Armor: Scale mail        |     5 |     2 |       |       |       ||     7
       Chain mail        |       |    19 |    46 |     5 |       ||    70
       Plate armour      |       |       |       |    68 |    44 ||   112
Dodge: Dodged            |     9 |    14 |    63 |    81 |    61 ||   228
Block: Shield            |    15 |    28 |    79 |   143 |   134 ||   399
       Rpst.: Falchion   |     1 |       |       |    11 |     7 ||    19
       Long sword        |       |     2 |     2 |       |     3 ||     7
       Scimitar          |       |       |    14 |     3 |       ||    17

Table legend:
 A = Spawn XP
 B = Non-spawn XP
 C = Spawn XP percentage of total XP
 D = Spawn monster count
 E = Non-spawn monster count
 F = Spawn count percentage of total count
 G = Total turns spent on level
                    A         B        C        D         E        F      G
               +---------+---------+-------+---------+---------+-------+---------
         Total |       0 |   65685 |   0.0 |       0 |     144 |   0.0 |  4723
               +---------+---------+-------+---------+---------+-------+---------
             D |       0 |   65685 |   0.0 |       0 |     144 |   0.0 |  4723
               +---------+---------+-------+---------+---------+-------+---------
